 Dungeon Crawl Stone Soup version 0.27-a0-96-gb51a1d6fd6 (webtiles) character file.

Game seed: 9577016287171808208

989 knot the Cleaver (level 7, -3/52 HPs)
             Began as a Demonspawn Berserker on Jan 19, 2021.
             Was a Priest of Trog.
             Slain by an unseen horror (10 damage)
             ... on level 5 of the Dungeon.
             The game lasted 00:04:07 (6118 turns).

knot the Cleaver (Demonspawn Berserker)             Turns: 6118, Time: 00:04:08

Health: -3/52      AC:  2    Str: 17    XL:     7   Next: 98%
Magic:  7/7        EV: 12    Int: 10    God:    Trog [***...]
Gold:   301        SH:  0    Dex: 13    Spells: 6/6 levels left

rFire    . . .     SeeInvis .   G - +2 hand axe (venom)
rCold    . . .     Faith    .   (no shield)
rNeg     . . .     Spirit   .   b - +0 animal skin
rPois    .         Reflect  .   (helmet restricted)
rElec    .         Harm     .   x - scarf {shadows}
rCorr    +         Rampage  .   (no gloves)
Will     ++...                  (no boots)
Stlth    ++........             (no amulet)
HPRegen  1.17/turn              m - ring of stealth
MPRegen  0.10/turn              k - ring of resist corrosion

@: regenerating
A: horns 2, powered by death 1
a: Renounce Religion, Berserk, Trog's Hand


You were on level 5 of the Dungeon.
You worshipped Trog.
Trog was most pleased with you.
You visited 1 branch of the dungeon, and saw 5 of its levels.

You collected 301 gold pieces.

Inventory:

Hand Weapons
 G - a +2 hand axe of venom (weapon)
Missiles
 a - 15 poisoned darts
 e - 201 stones
 p - 5 curare-tipped darts
 u - 38 sling bullets
 w - 15 boomerangs
Armour
 b - a +0 animal skin (worn)
 h - a +0 cloak
 x - a scarf of shadows (worn)
Jewellery
 k - a ring of resist corrosion (right hand)
 m - a ring of stealth (left hand)
Wands
 D - a wand of random effects (25)
Scrolls
 c - 5 scrolls of fog {unknown}
 g - 6 scrolls of identify {unknown}
 j - a scroll of amnesia {unknown}
 l - 2 scrolls of teleportation {unknown}
 o - 4 scrolls of remove curse {unknown}
 y - a scroll of fear {unknown}
 z - 2 scrolls of blinking {unknown}
 A - a scroll of random uselessness {unknown}
 E - a scroll of magic mapping {unknown}
Potions
 d - 3 potions of ambrosia {unknown}
 f - 4 potions of curing
 i - a potion of lignification {unknown}
 n - 3 potions of heal wounds {unknown}
 q - 2 potions of attraction {unknown}
 r - 2 potions of resistance {unknown}
 s - a potion of berserk rage {unknown}
 t - 2 potions of mutation {unknown}
 v - a potion of haste {unknown}
 B - a potion of cancellation {unknown}
 C - 4 potions of degeneration {unknown}
 F - a potion of flight {unknown}


   Skills:
 - Level 3.0 Fighting
 + Level 8.9 Axes
 - Level 1.7 Armour
 - Level 1.7 Dodging


You had 6 spell levels left.
You didn't know any spells.
Your spell library contained the following spells:

 Spells                   Type           Power        Failure   Level
 Animate Skeleton         Necr           0%           36%         1
 Apportation              Tloc           0%           36%         1
 Corona                   Hex            0%           36%         1
 Summon Small Mammal      Summ           0%           36%         1
 Corpse Rot               Necr/Air       N/A          50%         2
 Stone Arrow              Conj/Erth      0%           75%         3
 Summon Forest            Summ/Tloc      0%           100%        5
 Eringya's Noxious Bog    Tmut/Pois      0%           100%        6
 Hydra Form               Tmut           0%           100%        6
 Summon Hydra             Summ           0%           100%        7


Dungeon Overview and Level Annotations

Branches:
Dungeon (5/15)
 Temple: D:4-7

Altars:
Ashenzari
Cheibriados
Fedhas
Makhleb
Okawaru
Xom
Yredelemnul

Annotations:
D:5 3 runed translucent doors, Snicker's ghost, weakling DsDe


Innate Abilities, Weirdness & Mutations

You have a pair of horns on your head.
You regenerate a little health from kills.


Message History

Something hits you. Something hits you! Something hits you!
You are too injured to fight recklessly!
You miss something. Something hits you!
You slash something! Something hits you.
* * * LOW HITPOINT WARNING * * *
Something hits you!
* * * LOW HITPOINT WARNING * * *
Things that are here:
a +0 short sword; a +0 scale mail; an orc corpse You hit something but do no damage.
Something hits you.
* * * LOW HITPOINT WARNING * * *
You feel better. Something hits you but does no damage.
You miss something. Something hits you but does no damage. Something hits you.
* * * LOW HITPOINT WARNING * * *
Your skin crawls.
You feel strong-willed. Something hits you!
You die...

##.##..# ....#..# .......# ....#
....#.#### ....# ## ..#.#.....
... ..#.###### #. ..#)#..## ..
####.#.#....# #. .......# ..
##..#.#.#....# #. ..#.##.#
#.##.).#.#.#....# #. .......##
#.#.@.##.#'#....####. .#..##..##
+#.#'.##.........'..'.
.#.......###...###..........####<
.##..........8..............#....
.....#...###...###..........#....
.###.#..##
+#.#รท.##...[.....#.... ....<#.##
#.#...##........#.... ######.#
##.##...#........#.... #.#
##...##..#....##..'....


There were no monsters in sight!

Vanquished Creatures
  An ice beast (D:5)
  2 ogres
  A phantom (D:5)
  2 centaurs (D:5)
  2 hounds
  3 orc wizards
  Terence (D:3)
  3 worker ants
  6 adders
  A shadow imp (D:5)
  A white imp (D:5)
  An ooze (D:4)
  3 worms
  An adder skeleton (D:4)
  2 dart slugs (D:1)
  4 leopard geckos
  27 orcs
  2 ball pythons
  2 giant cockroaches
  11 goblins
  12 hobgoblins
  12 jackals
  9 kobolds
  A quokka (D:3)
  7 bats
  4 frilled lizards
  A leopard gecko zombie (D:5)
  2 quokka skeletons (D:4)
  5 rats
129 creatures vanquished.

Vanquished Creatures (others)
  4 plants (D:4)
4 creatures vanquished.

Grand Total: 133 creatures vanquished

Notes
Turn   | Place    | Note
-------+----------+-------------------------------------------
     0 | D:1      | knot the Demonspawn Berserker began the quest for the Orb.
     0 | D:1      | Reached XP level 1. HP: 18/18 MP: 1/1
   409 | D:1      | Reached skill level 3 in Axes
   477 | D:1      | Gained mutation: You have a pair of small horns on your
                  | head. [demonic ancestry]
   477 | D:1      | Reached XP level 2. HP: 23/24 MP: 2/2
  1259 | D:2      | Reached XP level 3. HP: 27/29 MP: 3/3
  1346 | D:2      | Reached skill level 4 in Axes
  1561 | D:2      | Found an iron altar of Okawaru.
  1894 | D:3      | Gained mutation: You have a pair of horns on your head.
                  | [demonic ancestry]
  1894 | D:3      | Reached XP level 4. HP: 33/35 MP: 4/4
  1942 | D:3      | Reached ** piety under Trog
  2222 | D:3      | Reached skill level 5 in Axes
  2734 | D:3      | Found a broken altar of Ashenzari.
  2784 | D:3      | Noticed Terence
  2785 | D:3      | Found a basalt altar of Yredelemnul.
  2789 | D:3      | Gained mutation: You regenerate a little health from kills.
                  | [demonic ancestry]
  2789 | D:3      | Reached XP level 5. HP: 41/41 MP: 5/5
  2797 | D:3      | Killed Terence
  3053 | D:3      | Found a blossoming altar of Fedhas.
  3150 | D:4      | Noticed an ogre
  3159 | D:4      | Killed an ogre
  3160 | D:4      | Reached skill level 6 in Axes
  3160 | D:4      | Reached XP level 6. HP: 47/47 MP: 6/6
  3467 | D:4      | Reached *** piety under Trog
  4531 | D:5      | Entered Level 5 of the Dungeon
  4588 | D:5      | Reached skill level 7 in Axes
  4714 | D:5      | Found a shimmering altar of Xom.
  4724 | D:5      | Reached XP level 7. HP: 32/52 MP: 7/7
  4935 | D:5      | Found a runed translucent gate.
  4935 | D:5      | Found a runed translucent gate.
  4936 | D:5      | Found a runed translucent gate.
  4936 | D:5      | Noticed Snicker's ghost (weakling DsDe)
  4946 | D:5      | Found a burning altar of Makhleb.
  4985 | D:5      | Reached skill level 8 in Axes
  5277 | D:5      | Found a snail-covered altar of Cheibriados.
  6114 | D:5      | HP: 1/52 [something (4)]
  6118 | D:5      | Slain by an unseen horror

Illustrated notes

Levels and vault maps discovered:
D:1:      wander_arrival_chamber, layout_basic
D:2:      layout_rooms, okawaru_trees_1
D:3:      layout_rooms, lemuel_coloured_pillars_altar,
          chequers_temple_overflow_statue_of_worship, uniq_terence
D:4:      corexii_shack_village, layout_loops_ring, hangedman_feature_mirror,
          kennysheep_big_empty_room
D:5:      cheibrodos_barr_body, layout_basic, old_standard_altar, basic_altar,
          gammafunk_ghost_split, cheibrodos_worm_habitat

Skill      XL: |  1  2  3  4  5  6  7 |
---------------+----------------------+-----
Axes           | 3 4 5 6 7 8 |  8.9
Fighting       | |  3.0
Armour         | |  1.7
Dodging        | |  1.7

Action                   |  1- 3 |  4- 6 |  7- 9 || total
-------------------------+-------+-------+-------++-------
Melee: Hand axe          |    87 |   181 |    69 ||   337
       Headbutt          |     9 |    25 |     9 ||    43
Invok: Berserk           |     1 |     5 |     1 ||     7
       Trog's Hand       |       |     1 |     1 ||     2
  Use: Potion            |       |       |     1 ||     1
 Stab: Sleeping          |     3 |     6 |     2 ||    11
Armor: Animal skin       |    35 |    21 |    13 ||    69
Dodge: Dodged            |    71 |   117 |    27 ||   215

Table legend: (Time is in decaauts)
 A = Elapsed time spent in this place.
 B = Non-inter-level travel time spent in this place.
 C = Inter-level travel time spent in this place.
 D = Time resting spent in this place.
 E = Time spent auto-exploring this place.
 F = Levels seen in this place.
 G = Mean time per level.
                   A        B        C        D        E       F      G
               +--------+--------+--------+--------+--------+-----+--------+
         Total |   6206 |   6080 |    126 |   2262 |   3143 |   5 | 1241.2 |
       Dungeon |   6206 |   6080 |    126 |   2262 |   3143 |   5 | 1241.2 |
               +--------+--------+--------+--------+--------+-----+--------+

Top non-repeatable levels by time:
     D:5: 1604 daAuts
     D:4: 1432 daAuts
     D:1: 1308 daAuts
     D:3: 1262 daAuts
     D:2: 598 daAuts
